Workbook

Sheet Fiche
A1: Fiche technique
A2: Nom | B2: CRÈME AU BEURRE À LA VANILLE
A3: Code | B3: GRO_CDC_225E
A4: Classe | B4: Préparations de base collectivité (GRO.BASES)
A5: Statut | B5: publie
A6: Verrouillée | B6: Non
A7: Source bibliographique
A8: Provenance
A10: Quantité de référence | B10: 100 pc
A11: Coût de revient H.T. (qt de référence) | B11: 28.945225
A12: Coût unitaire H.T. | B12: 0.28945225
A14: Quantité demandée pour cet export | B14: 100 pc
A15: Coût de revient total H.T. pour cette quantité | B15: 28.945225
A17: Export généré le | B17: 28/09/2026 16:00
B18: CUIS.web — Portage du CUIS Clipper de 1992 par Palika & Bernard Vandendaele (créateur du moteur récursif d'origine)

Sheet Besoins
A1: Besoins matière
A2: Multiplicateur souhaité | B2: 1
A3: Quantité de référence | B3: 100 | C3: pc
A4: Quantité obtenue | B4: =$B$2*B3 -> 100 | C4: =C3 -> pc
A6: Code | B6: Matière première | C6: Classe | D6: Base (×1, modifiable) | E6: Quantité | F6: Unité | G6: Coût H.T.
A7: 00000047 | B7: OEUF A3 (PRIX) | C7: Produits laitiers | D7: 30 | E7: =D7*$B$2 -> 30 | F7: pc | G7: =E7*0.27 -> 8.1
A8: EAU | B8: Eau (robinet - moy. France 2026) | C8: Matières premières | D8: 0.75 | E8: =D8*$B$2 -> 0.75 | F8: lt | G8: =E8*0.0043 -> 0.003225
A9: EXTRAIT-VANILLE | B9: Extrait de vanille alcoolisé | C9: Spiritueux et liqueurs cuisine | D9: 0.02 | E9: =D9*$B$2 -> 0.02 | F9: lt | G9: =E9*32 -> 0.64
A10: EPI-VANILLE-GOU | B10: Gousses de vanille Bourbon | C10: Épices en poudre et graines | D10: 0.009 | E10: =D10*$B$2 -> 0.009 | F10: kg | G10: =E10*320 -> 2.88
A11: BEU-DOUX | B11: Beurre doux 82% MG plaquette | C11: Beurres et margarines | D11: 3 | E11: =D11*$B$2 -> 3 | F11: kg | G11: =E11*5.2 -> 15.6
A12: SUC-BLANC | B12: Sucre blanc cristal sac 25 kg | C12: Sucres et édulcorants | D12: 2.1 | E12: =D12*$B$2 -> 2.1 | F12: kg | G12: =E12*0.82 -> 1.722
F13: Total | G13: =SUM(G7:G12) -> 0

Sheet Composition
A1: Niveau | B1: Composant | C1: Type | D1: Quantité (pour 100 pc) | E1: Unité | F1: Classe
A2: 0 | B2: CRÈME AU BEURRE À LA VANILLE | C2: recette | D2: 100 | E2: pc | F2: Préparations de base collectivité
A3: 1 | B3: ↳ CRÈME AU BEURRE (NATURE) | C3: recette | D3: 100 | E3: pc | F3: Préparations de base collectivité
A4: 2 | B4: ↳ JAUNE D'OEUF (P) | C4: recette | D4: 60 | E4: pc | F4: Conversions oeufs et ovoproduits
A5: 3 | B5: ↳ JAUNE D'OEUF (ML) | C5: recette | D5: 1.14 | E5: lt | F5: Conversions oeufs et ovoproduits
A6: 4 | B6: ↳ OEUF A3 (PRIX) | C6: matiere | D6: 30 | E6: pc | F6: Produits laitiers
A7: 2 | B7: ↳ Sucre blanc cristal sac 25 kg | C7: matiere | D7: 2.1 | E7: kg | F7: Sucres et édulcorants
A8: 2 | B8: ↳ Beurre doux 82% MG plaquette | C8: matiere | D8: 3 | E8: kg | F8: Beurres et margarines
A9: 2 | B9: ↳ Eau (robinet - moy. France 2026) | C9: matiere | D9: 0.75 | E9: lt | F9: Matières premières
A10: 1 | B10: ↳ Gousses de vanille Bourbon | C10: matiere | D10: 0.009 | E10: kg | F10: Épices en poudre et graines
A11: 1 | B11: ↳ Extrait de vanille alcoolisé | C11: matiere | D11: 0.02 | E11: lt | F11: Spiritueux et liqueurs cuisine

Sheet Procedure
A1: Recette | B1: # | C1: Verbe | D1: Étape | E1: Précision technique | F1: Durée
A2: CRÈME AU BEURRE À LA VANILLE | B2: 1 | D2: Mise en place du poste de travail — Vérifier les D.L.C., peser les denrées, sélectionner le matériel nécessaire. Laver et désinfecter le matériel et le poste de travail en suivant les protocoles.
A3: CRÈME AU BEURRE À LA VANILLE | B3: 2 | D3: Crème au beurre — Confectionner la crème au beurre nature (Fiche 225).
A4: CRÈME AU BEURRE À LA VANILLE | B4: 3 | D4: Parfumer — Fendre les gousses, en gratter les graines ; les incorporer (et/ou l'extrait) en fin de montage, au fouet.
A5: CRÈME AU BEURRE À LA VANILLE | B5: 4 | D5: Réserver — Utiliser aussitôt ou filmer au contact et réserver à + 3 °C ; avant emploi, remettre à température et fouetter pour rendre la crème lisse.
A6: CRÈME AU BEURRE (NATURE) | B6: 1 | D6: Mise en place du poste de travail — Vérifier les D.L.C., peser les denrées, sélectionner le matériel nécessaire. Laver et désinfecter le matériel et le poste de travail en suivant les protocoles.
A7: CRÈME AU BEURRE (NATURE) | B7: 2 | D7: Préparations préliminaires — Ramollir le beurre. Réserver en attente d'utilisation. Mettre les jaunes d'œufs dans la cuve du batteur. Préparer le fouet du batteur en prévision de son utilisation au terme de la cuisson du sucre.
A8: CRÈME AU BEURRE (NATURE) | B8: 3 | D8: Cuire le sucre — Dans un poêlon ou dans une russe, mettre dans l'ordre l'eau puis le sucre. Avant sa mise en cuisson, faire dissoudre le sucre dans l'eau en le remuant. Porter à ébullition le sirop. Lors de la cuisson, à l'aide d'une petite écumoire, dépouiller la surface du sirop de ses mousses et de ses impuretés. De temps en temps nettoyer les bords de la russe avec un pinceau mouillé. À l'aide du thermomètre à sucre, surveiller la température du sucre. Cuire le sucre au petit boulé à +117°C.
A9: CRÈME AU BEURRE (NATURE) | B9: 4 | D9: Monter l'appareil à bombe — Au terme de la cuisson du sucre, fouetter les jaunes en première vitesse. Verser le sucre cuit en filet sur les jaunes d'œufs, en prenant soin de ne pas en verser sur le fouet. En deuxième vitesse, fouetter vivement l'appareil, jusqu'à ce qu'il refroidisse, augmente de volume et qu'il soit de composition légère.
A10: CRÈME AU BEURRE (NATURE) | B10: 5 | D10: Monter la crème au beurre — Pendant le montage des jaunes, dans une bassine ou une calotte, mettre le beurre ramolli. Fouetter le beurre pour légèrement le blanchir et le faire foisonner. Incorporer progressivement le beurre à l'appareil à bombe. Corner les parois de la cuve en cours de montage. Fouetter afin d'obtenir une crème homogène et onctueuse.
A11: CRÈME AU BEURRE (NATURE) | B11: 6 | D11: Nature — La crème au beurre nature s'utilise telle quelle. Pour la parfumer, voir les variantes : 225A café, 225B cacao, 225C chocolat, 225D alcools divers, 225E vanille (parfum incorporé en fin de montage).

Sheet Carte imprimable
A1: Fiche technique — CRÈME AU BEURRE À LA VANILLE
A2: ="GRO_CDC_225E · GRO.BASES · référence : "&Besoins!B3&" "&Besoins!C3&" · multiplicateur réglable sur la feuille ""Besoins""" -> GRO_CDC_225E · GRO.BASES · référence : 100 pc · multiplicateur réglable sur la feuille
A4: CRÈME AU BEURRE À LA VANILLE GRO_CDC_225E
A5: 1. | B5: =Procedure!D2 -> Mise en place du poste de travail — Vérifier les D.L.C., peser les denrées, sélectionner le matériel nécessaire. Laver et désinfecter le matériel et le poste de travail en suivant les protocoles.
A6: 2. | B6: =Procedure!D3 -> Crème au beurre — Confectionner la crème au beurre nature (Fiche 225).
B7: CRÈME AU BEURRE (NATURE) | C7: ='Besoins'!$B$2*100 -> 100 | D7: pc
A8: 3. | B8: =Procedure!D4 -> Parfumer — Fendre les gousses, en gratter les graines ; les incorporer (et/ou l'extrait) en fin de montage, au fouet.
B9: =Besoins!B10 -> Gousses de vanille Bourbon | C9: =Besoins!E10 -> 0.009 | D9: =Besoins!F10 -> kg
B10: =Besoins!B9 -> Extrait de vanille alcoolisé | C10: =Besoins!E9 -> 0.02 | D10: =Besoins!F9 -> lt
A11: 4. | B11: =Procedure!D5 -> Réserver — Utiliser aussitôt ou filmer au contact et réserver à + 3 °C ; avant emploi, remettre à température et fouetter pour rendre la crème lisse.
A13: ↳ CRÈME AU BEURRE (NATURE) GRO_CDC_225
A14: 1. | B14: =Procedure!D6 -> Mise en place du poste de travail — Vérifier les D.L.C., peser les denrées, sélectionner le matériel nécessaire. Laver et désinfecter le matériel et le poste de travail en suivant les protocoles.
A15: 2. | B15: =Procedure!D7 -> Préparations préliminaires — Ramollir le beurre. Réserver en attente d'utilisation. Mettre les jaunes d'œufs dans la cuve du batteur. Préparer le fouet du batteur en prévision de son utilisation au terme de la cuisson du sucre.
B16: JAUNE D'OEUF (P) (conv.) | C16: ='Besoins'!$B$2*60 -> 60 | D16: pc
A17: 3. | B17: =Procedure!D8 -> Cuire le sucre — Dans un poêlon ou dans une russe, mettre dans l'ordre l'eau puis le sucre. Avant sa mise en cuisson, faire dissoudre le sucre dans l'eau en le remuant. Porter à ébullition le sirop. Lors de la cuisson, à l'aide d'une petite écumoire, dépouiller la surface du sirop de ses mousses et de ses impuretés. De temps en temps nettoyer les bords de la russe avec un pinceau mouillé. À l'aide du thermomètre à sucre, surveiller la température du sucre. Cuire le sucre au petit boulé à +117°C.
B18: JAUNE D'OEUF (P) (conv.) | C18: ='Besoins'!$B$2*60 -> 60 | D18: pc
B19: =Besoins!B8 -> Eau (robinet - moy. France 2026) | C19: =Besoins!E8 -> 0.75 | D19: =Besoins!F8 -> lt
A20: 4. | B20: =Procedure!D9 -> Monter l'appareil à bombe — Au terme de la cuisson du sucre, fouetter les jaunes en première vitesse. Verser le sucre cuit en filet sur les jaunes d'œufs, en prenant soin de ne pas en verser sur le fouet. En deuxième vitesse, fouetter vivement l'appareil, jusqu'à ce qu'il refroidisse, augmente de volume et qu'il soit de composition légère.
A21: 5. | B21: =Procedure!D10 -> Monter la crème au beurre — Pendant le montage des jaunes, dans une bassine ou une calotte, mettre le beurre ramolli. Fouetter le beurre pour légèrement le blanchir et le faire foisonner. Incorporer progressivement le beurre à l'appareil à bombe. Corner les parois de la cuve en cours de montage. Fouetter afin d'obtenir une crème homogène et onctueuse.
A22: 6. | B22: =Procedure!D11 -> Nature — La crème au beurre nature s'utilise telle quelle. Pour la parfumer, voir les variantes : 225A café, 225B cacao, 225C chocolat, 225D alcools divers, 225E vanille (parfum incorporé en fin de montage).
A24: CUIS.web — Portage du CUIS Clipper de 1992 par Palika & Bernard Vandendaele (créateur du moteur récursif d'origine)
